Map: Whispers of Gold

Players

Fubar

  • Race: Protoss Protoss
  • League: Diamond
  • Spawn Location: 9:00

wootwoot - Winner!

  • Race: Zerg Zerg
  • League: Diamond
  • Spawn Location: 5:00

VOD

Have the link to the VOD?

Description

Time

  • Played on: April 2, 2025, 3:47 p.m.
  • Length: 2:31
Show
View Real Time Build Order
Export as new Build Order

Fubar Protoss 

Build Orders:  

Get SALT Encoding   

  12  0:00  Probe  
  13  0:12  Probe  
  14  0:18  Pylon  
  14  0:25  Probe  
  15  0:37  Probe  
  16  0:43  Gateway  
  16  0:47  Probe  
  16  0:49  Assimilator  
  17  0:58  Probe  
  18  1:14  Probe  
  19  1:26  Probe  
  19  1:31  Cybernetics Core  
  19  1:32  Zealot  
  22  1:42  Probe  
  22  1:46  Pylon  
  23  1:52  Assimilator  
  23  1:55  Stalker  
  23  1:56  Pylon  
  23  2:04  Probe  
  24  2:16  Probe  
Show
View Real Time Build Order
Export as new Build Order

wootwoot Zerg - Winner!

Build Orders: Pool Only 

Get SALT Encoding   

  12  0:17  Spawning Pool  
  11  0:23  Drone  
  11  0:27  Drone  
  13  0:32  Drone  
  14  0:41  Overlord  
  14  1:04  Zergling x4  
  14  1:06  Zergling x2  
  17  1:21  Zergling x2  
  18  1:28  Zergling x2  
  19  1:38  Zergling x2  
  20  1:49  Zergling x2  
  21  2:08  Zergling x2  
  21  2:14  Zergling x2  
Tags
 
Matchup
PvZ
Opening
Pool Only
Replay Pack
B2M-Replays
Spawn Locations
Cross Positions
Add a new tag
Caveats
  • Supply blocks, unpowered buildings, or Contaminate may cause inaccurate times.
  • Supply counts are checked every 10 seconds.